 Dungeon Sprint DCSS version 0.18.1-47-g9310371 (webtiles) character file.

95221 rftp080 the Impregnable (level 15, -6/171 HPs)
             Began as a Deep Dwarf Gladiator on June 20, 2016.
             Was the Champion of Makhleb.
             Mangled by an emperor scorpion (12 damage)
             ... in the Dungeon (Sprint IX: "|||||||||||||||||||||||||||||").
             The game lasted 00:17:18 (3553 turns).

rftp080 the Impregnable (Deep Dwarf Gladiator)      Turns: 3553, Time: 00:17:19

Health: -6/171     AC: 31    Str: 20    XL:     15   Next: 65%
Magic:  15/15      EV: 29    Int:  8    God:    Makhleb [******]
Gold:   1442       SH:  0    Dex: 28    Spells: 0 memorised, 14 levels left

rFire  . . .     SeeInvis .     r - +6 quarterstaff (speed)
rCold  + . .     Gourm    .     h - +2 plate armour {rC+}
rNeg   + + .     Faith    .     (shield currently unavailable)
rPois  +         Spirit   .     C - +2 hat {MR+}
rElec  .         Dismiss  .     M - +1 ratskin cloak {rPois rN+ Int-1 Dex-1}
rCorr  .         Reflect  .     N - +1 pair of gloves
SustAt .         Harm     .     y - +0 pair of boots
MR     +++..     NoTele   +     (no amulet)
Stlth  ..........               V - +6 ring of dexterity
                                D - +2 ring of slaying

@: agile, very slightly contaminated, non-regenerating, heavily drained,
extremely resistant to hostile enchantments, extremely unstealthy
A: damage resistance, recharge devices, negative energy resistance 1, sense
surroundings 2, slow regeneration 3
a: Device Recharging, Minor Destruction, Lesser Servant of Makhleb, Major
Destruction, Greater Servant of Makhleb, Renounce Religion


You were in the Dungeon.
You worshipped Makhleb.
Makhleb was exalted by your worship.
You were near starving.

You visited 1 branch You collected 1922 gold pieces.
You spent 480 gold pieces at shops.

Inventory:

Hand Weapons
 a - a +0 quarterstaff
 r - a +6 quarterstaff of speed (weapon)
 K - a +0 triple crossbow
 L - a +1 double sword
 X - a +4 demon whip
 Y - a +1 great mace of pain
 Z - a +0 triple crossbow of evasion
Missiles
 d - 4 throwing nets (quivered)
Armour
 h - a +2 plate armour of cold resistance (worn)
 y - a +0 pair of boots (worn)
 B - a +0 cloak
 C - a +2 hat of magic resistance (worn)
 M - the +1 ratskin cloak (worn) {rPois rN+ Int-1 Dex-1}
   (You found it in the Dungeon)

   It affects your intelligence (-1).
   It affects your dexterity (-1).
   It protects you from poison.
   It protects you from negative energy.
 N - a +1 pair of gloves (worn)
 T - a fire dragon hide
Magical Staves
 q - an uncursed staff of energy
Jewellery
 p - a +3 ring of strength
 u - a +3 ring of strength
 D - a +2 ring of slaying (left hand)
 G - an uncursed ring of protection from magic
 H - an uncursed ring of fire
 I - an uncursed ring of protection from magic
 J - an uncursed ring of protection from fire
 P - an uncursed ring of stealth
 U - an uncursed ring of wizardry
 V - a +6 ring of dexterity (right hand)
 W - a +4 ring of protection
Wands
 e - a wand of heal wounds (0/9)
 o - a wand of acid (0/15)
 F - a wand of hasting (1/9)
Scrolls
 c - a scroll of fog
 m - 4 scrolls of remove curse
 n - 2 scrolls of amnesia
 w - 5 scrolls of fear
 x - 5 scrolls of enchant weapon
 Q - 2 scrolls of enchant armour
 R - a scroll of recharging
 S - 4 scrolls of identify
Potions
 g - 3 potions of might
 i - a potion of haste
 j - 4 potions of magic
 k - 3 potions of curing
 E - 2 potions of brilliance
Comestibles
 f - 13 bread rations
 z - 38 fruits
 A - 12 meat rations


   Skills:
 - Level 20.9(19.1) Fighting
 * Level 18.1(16.4) Long Blades
 - Level 16.7(15.1) Staves
 - Level 1.8(0.7) Throwing
 - Level 23.8(21.9) Armour
 - Level 21.2(19.3) Dodging


You had 14 spell levels left.
You didn't know any spells.

Dungeon Overview and Level Annotations

Branches:
Dungeon (1/1)

Altars:
Cheibriados
Dithmenos
Elyvilon
Fedhas
Gozag
Kikubaaqudgha
Makhleb
Nemelex Xobeh
Okawaru
Pakellas
Qazlal
Ru
Sif Muna
Trog
Vehumet
Xom
Yredelemnul
Zin
The Shining One
Beogh
Jiyva
Lugonu

Shops:
D %%*[

Annotations:
D Mara


Innate Abilities, Weirdness & Mutations

You are resistant to damage.
You can recharge devices by infusing magical energy.
You resist negative energy.
You passively map the area around you.
You do not regenerate naturally.


Message History

You bludgeon the emperor scorpion!!
The emperor scorpion is almost dead.
You sock the emperor scorpion!
The emperor scorpion is almost dead.
Mara blinks!
Mara completely misses you. Rftp080's illusion hits you!
* * * LOW HITPOINT WARNING * * *
You hit the emperor scorpion.
The emperor scorpion is almost dead.
The emperor scorpion stings you but does no damage.
The emperor scorpion claws you but does no damage. x2
Unknown command.
You closely miss the emperor scorpion.
The emperor scorpion is almost dead.
Mara blinks!
Mara says, "What good are steel and magic against my illusions?"
You hit the emperor scorpion but do no damage.
The emperor scorpion is almost dead.
Mara hits you but does no damage. You partially resist.
You feel drained. Rftp080's illusion misses you.
The emperor scorpion stings you!
You die...

[▓.▓)▓.▓.▓.▓)▓)▓[▓
, , , ,
.▓.▓.▓.▓.▓.▓)▓)▓R▓
* ,
[▓.▓.▓.▓.▓.▓.▓§▓[▓,
* *, ,
[▓.▓.▓.▓.▓.▓.▓.▓§▓
*, , * +
.▓.▓.▓.▓.▓.▓[▓§▓D▓
, *
[▓.▓(▓.▓.▓.▓[▓.▓R▓
* *, , *,
.▓.▓.▓.▓.▓.▓[▓R▓R▓,
* , *
.▓.▓.▓.▓.▓.▓[▓.▓@▓,
, * *
.▓.▓.▓.▓.▓.▓[▓.▓@▓,
* *
.▓.▓'▓.▓.▓.▓[▓.▓s▓
*
.▓.▓)▓.▓)▓.▓[▓§▓s▓
, *
.▓.▓(▓.▓)▓.▓.▓.▓s▓
,
.▓.▓)▓.▓)▓.▓.▓.▓s▓
, * * * ,
.▓.▓)▓.▓)▓.▓.▓.▓s▓
, ,* *,*
.▓.▓)▓.▓)▓.▓.▓R▓s▓,
, , * ,
.▓.▓†▓.▓)▓.▓.▓.▓.▓
* *
†▓.▓)▓.▓)▓.▓.▓§▓ ,*
,


You could see 3 Maras, 3 emperor scorpions, a swamp dragon, a demonic crawler, a
jumping spider, a redback and rftp080's illusion.

Vanquished Creatures
  Margery (D)
  2 Orb Guardians (D)
  Gastronok (D)
  Frances (D)
  A thorn hunter (D)
  A sphinx (D)
  Donald (D)
  6 greater nagas (D)
  Aizul (D)
  3 fire giants (D)
  Louise (D)
  3 ironheart preservers (D)
  A very ugly thing (D)
  2 stone giants (D)
  2 ettins (D)
  A merfolk javelineer (D)
  2 fire dragons (D)
  2 yaktaur captains (D)
  An entropy weaver (D)
  A great orb of eyes (D)
  4 naga warriors (D)
  9 hydras (D)
  A centaur warrior (D)
  A catoblepas (D)
  A death knight (D)
  Erolcha (D)
  An ogre mage (D)
  2 deep troll shamans (D)
  3 deep troll earth magi (D)
  A vampire mage (D)
  A spriggan berserker (D)
  An orc high priest (D)
  A fire crab (D)
  2 iron trolls (D)
  A spriggan (D)
  5 hell knights (D)
  A sea snake (D)
  5 swamp dragons (D)
  6 deep trolls (D)
  A flayed ghost (D)
  3 hill giants (D)
  A shambling mangrove (D)
  A harpy (shapeshifter) (D)
  An orb spider (D)
  2 ironbrand convokers (D)
  2 orc knights (D)
  3 ugly things (D)
  A wizard (D)
  3 deep elf magi (D)
  4 necromancers (D)
  A wolf spider (D)
  3 manticores (D)
  A torpor snail (D)
  A siren (D)
  8 elephants (D)
  2 naga magi (D)
  3 guardian serpents (D)
  A vault sentinel (D)
  3 black mambas (D)
  Psyche (D)
  4 spiny frogs (D)
  5 demonic crawlers (D)
  A rime drake (D)
  3 merfolk (D)
  4 trolls (D)
  A tengu conjurer (D)
  2 giant leeches (D)
  A slime creature (D)
  3 blink frogs (D)
  A redback (D)
  A shadow (D)
  A vampire (D)
  3 basilisks (D)
  Eustachio (D)
  A vampire mosquito (D)
  3 nagas (D)
  2 water moccasins (D)
  11 orc warriors (D)
  A porcupine (D)
  A sky beast (D)
  A swamp drake (D)
  3 wasps (D)
  2 centaurs (D)
  3 crocodiles (D)
  4 giant frogs (D)
  A wight (D)
  4 orc priests (D)
  A jelly (D)
  3 iguanas (D)
  4 orc wizards (D)
  A shadow imp (D)
  An adder skeleton (D)
  A giant gecko (D)
  5 orcs (D)
  A goblin (D)
  A hobgoblin (D)
  A jackal simulacrum (D)
  A kobold (D)
  A quokka zombie (D)
  A rat (D)
217 creatures vanquished.

Vanquished Creatures (others)
  A naga (D)
  A boggart (D)
2 creatures vanquished.

Grand Total: 219 creatures vanquished

Notes
Turn   | Place    | Note
--------------------------------------------------------------
     0 | D        | rftp080 the Deep Dwarf Gladiator began the quest for the Orb.
     0 | D        | Reached XP level 1. HP: 19/19 MP: 1/1
    18 | D        | Reached skill level 1 in Armour
    24 | D        | Noticed an iguana
    24 | D        | Noticed a sky beast
    31 | D        | Killed an iguana
    31 | D        | Reached skill level 2 in Armour
    31 | D        | Reached XP level 2. HP: 16/28 MP: 2/2
    31 | D        | Reached XP level 3. HP: 19/34 MP: 3/3
    41 | D        | Killed a sky beast
    41 | D        | Reached skill level 4 in Armour
    41 | D        | Reached XP level 4. HP: 32/45 MP: 4/4
    44 | D        | Reached skill level 5 in Armour
    44 | D        | Reached XP level 5. HP: 36/51 MP: 5/5
    51 | D        | Found a glowing silver altar of Zin.
    51 | D        | Found a glowing golden altar of the Shining One.
    51 | D        | Found an ancient bone altar of Kikubaaqudgha.
    51 | D        | Found a basalt altar of Yredelemnul.
    51 | D        | Found a shimmering altar of Xom.
    51 | D        | Found a radiant altar of Vehumet.
    52 | D        | Found an iron altar of Okawaru.
    53 | D        | Found a burning altar of Makhleb.
    54 | D        | Found a deep blue altar of Sif Muna.
    55 | D        | Found a bloodstained altar of Trog.
    56 | D        | Found a sparkling altar of Nemelex Xobeh.
    57 | D        | Found a white marble altar of Elyvilon.
    58 | D        | Found a roughly hewn altar of Beogh.
    59 | D        | Found a viscous altar of Jiyva.
    60 | D        | Found a corrupted altar of Lugonu.
    61 | D        | Became a worshipper of Makhleb the Destroyer
    62 | D        | Found a blossoming altar of Fedhas.
    64 | D        | Found a snail-covered altar of Cheibriados.
    65 | D        | Found a shadowy altar of Dithmenos.
    66 | D        | Found a stormy altar of Qazlal.
    67 | D        | Found an opulent altar of Gozag.
    68 | D        | Found a sacrificial altar of Ru.
    69 | D        | Found an oddly glowing altar of Pakellas.
   125 | D        | Noticed a crocodile
   125 | D        | Noticed a centaur
   130 | D        | Reached skill level 5 in Fighting
   135 | D        | Killed a crocodile
   135 | D        | Reached * piety under Makhleb
   141 | D        | Killed a centaur
   141 | D        | Reached skill level 6 in Armour
   141 | D        | Reached XP level 6. HP: 30/62 MP: 6/6
   146 | D        | Reached ** piety under Makhleb
   149 | D        | Reached skill level 7 in Armour
   152 | D        | Noticed a deep elf mage
   152 | D        | Noticed a four-headed hydra
   152 | D        | Noticed a vampire
   152 | D        | Noticed a six-headed hydra
   152 | D        | Noticed a troll
   157 | D        | Noticed a tarantella
   157 | D        | Noticed a demonic crawler
   159 | D        | Killed a deep elf mage
   159 | D        | Reached skill level 10 in Staves
   159 | D        | Reached skill level 8 in Armour
   159 | D        | Reached XP level 7. HP: 43/73 MP: 7/7
   161 | D        | Reached *** piety under Makhleb
   161 | D        | Reached skill level 9 in Armour
   168 | D        | Killed a four-headed hydra
   168 | D        | Reached skill level 10 in Armour
   168 | D        | Reached XP level 8. HP: 52/85 MP: 8/8
   174 | D        | Killed a six-headed hydra
   174 | D        | Reached skill level 11 in Armour
   174 | D        | Gained mutation: You passively map the area around you. [Deep Dwarf growth]
   174 | D        | Reached XP level 9. HP: 58/93 MP: 9/9
   180 | D        | Reached **** piety under Makhleb
   187 | D        | Killed a troll
   187 | D        | Reached skill level 10 in Fighting
   299 | D        | Noticed a spiny frog
   299 | D        | Noticed a spiny frog
   317 | D        | Noticed a spiny frog
   327 | D        | Killed a spiny frog
   327 | D        | Reached ***** piety under Makhleb
   339 | D        | Killed a spiny frog
   339 | D        | Reached skill level 12 in Armour
   355 | D        | Killed a spiny frog
   368 | D        | Noticed a rime drake
   368 | D        | Noticed a six-headed hydra
   378 | D        | Killed a six-headed hydra
   378 | D        | Reached ****** piety under Makhleb
   378 | D        | Reached skill level 15 in Staves
   378 | D        | Reached XP level 10. HP: 27/105 MP: 10/10
   393 | D        | Reached skill level 13 in Armour
   438 | D        | Noticed an elephant
   438 | D        | Noticed an elephant
   438 | D        | Noticed an elephant
   438 | D        | Noticed an elephant
   438 | D        | Noticed an elephant
   438 | D        | Noticed an elephant
   450 | D        | Noticed an elephant
   450 | D        | Killed an elephant
   459 | D        | Killed an elephant
   471 | D        | Killed an elephant
   482 | D        | Killed an elephant
   493 | D        | Killed an elephant
   498 | D        | Killed an elephant
   498 | D        | Reached skill level 14 in Armour
   513 | D        | Killed an elephant
   513 | D        | Reached XP level 11. HP: 70/115 MP: 11/11
   584 | D        | Noticed Gastronok
   650 | D        | Killed Gastronok
   707 | D        | Noticed Erolcha
   719 | D        | Killed Erolcha
   719 | D        | Reached skill level 15 in Armour
   836 | D        | Noticed an orc knight
   836 | D        | Noticed an orc knight
   846 | D        | Killed an orc knight
   859 | D        | Killed an orc knight
   893 | D        | Noticed an orc high priest
   935 | D        | Killed an orc high priest
   939 | D        | Reached skill level 16 in Armour
   961 | D        | Found Kaphiwah's Food Emporium.
   961 | D        | Noticed a hill giant
   961 | D        | Noticed a deep troll
   961 | D        | Noticed a deep troll
   961 | D        | Noticed a deep troll
   966 | D        | Killed a hill giant
   980 | D        | Killed a deep troll
   980 | D        | Reached skill level 10 in Dodging
   992 | D        | Killed a deep troll
   995 | D        | Noticed an iron troll
  1003 | D        | Killed a deep troll
  1003 | D        | Reached XP level 12. HP: 100/129 MP: 12/12
  1014 | D        | Found Magg's Food Shoppe.
  1055 | D        | Found March's Assorted Antiques.
  1064 | D        | Reached skill level 17 in Armour
  1067 | D        | Found Afeech's Armour Shoppe.
  1098 | D        | Reached skill level 15 in Fighting
  1128 | D        | Bought a +2 plate armour of cold resistance for 480 gold pieces
  1185 | D        | Noticed Psyche
  1193 | D        | Killed Psyche
  1203 | D        | Noticed Eustachio
  1216 | D        | Killed Eustachio
  1318 | D        | Noticed a catoblepas
  1340 | D        | Killed a catoblepas
  1346 | D        | Noticed a deep troll shaman
  1365 | D        | Noticed a great orb of eyes
  1374 | D        | Killed a deep troll shaman
  1392 | D        | Killed a great orb of eyes
  1392 | D        | Reached skill level 18 in Armour
  1400 | D        | Noticed a stone giant
  1402 | D        | Noticed a fire dragon
  1418 | D        | Killed a stone giant
  1461 | D        | Killed a fire dragon
  1585 | D        | Noticed a thorn hunter
  1587 | D        | Noticed a four-headed hydra
  1620 | D        | Reached XP level 13. HP: 142/142 MP: 13/13
  1633 | D        | Killed a thorn hunter
  1633 | D        | Reached skill level 19 in Armour
  1662 | D        | Reached skill level 15 in Dodging
  1743 | D        | Noticed a merfolk javelineer
  1768 | D        | Killed a merfolk javelineer
  1795 | D        | Reached skill level 20 in Armour
  1928 | D        | Noticed Donald
  1954 | D        | Killed Donald
  1998 | D        | Noticed Aizul
  2033 | D        | Killed Aizul
  2039 | D        | Noticed Frances
  2072 | D        | Killed Frances
  2107 | D        | Noticed an ettin
  2107 | D        | Noticed a fire giant
  2107 | D        | Noticed a fire giant
  2119 | D        | Killed a fire giant
  2119 | D        | Reached skill level 21 in Armour
  2121 | D        | Noticed a fire giant
  2127 | D        | Killed an ettin
  2149 | D        | Killed a fire giant
  2149 | D        | Gained mutation: You resist negative energy. [Deep Dwarf growth]
  2149 | D        | Reached XP level 14. HP: 134/157 MP: 14/14
  2174 | D        | Noticed a sphinx
  2193 | D        | Killed a fire giant
  2240 | D        | Killed a sphinx
  2261 | D        | Reached skill level 22 in Armour
  2453 | D        | Noticed a purple very ugly thing
  2480 | D        | Killed a purple very ugly thing
  2485 | D        | Noticed an ironheart preserver
  2497 | D        | Killed an ironheart preserver
  2515 | D        | Noticed an ironheart preserver
  2557 | D        | Killed an ironheart preserver
  2558 | D        | Noticed an ironheart preserver
  2603 | D        | Noticed an Orb Guardian
  2603 | D        | Noticed an Orb Guardian
  2619 | D        | Killed an Orb Guardian
  2619 | D        | Reached skill level 23 in Armour
  2640 | D        | Killed an ironheart preserver
  2674 | D        | Killed an Orb Guardian
  2695 | D        | Noticed a stone giant
  2724 | D        | Killed a stone giant
  2788 | D        | Noticed Louise
  2832 | D        | Killed Louise
  2832 | D        | Reached XP level 15. HP: 91/171 MP: 15/15
  2995 | D        | Noticed Mara
  2997 | D        | Noticed rftp080's illusion
  3080 | D        | Noticed rftp080's illusion
  3088 | D        | Noticed Margery
  3112 | D        | HP: 4/171 [Margery/bolt of fire (41)]
  3124 | D        | Killed Margery
  3183 | D        | Reached skill level 10 in Long Blades
  3323 | D        | Noticed a greater naga
  3323 | D        | Noticed a greater naga
  3324 | D        | Noticed a greater naga
  3326 | D        | Noticed a greater naga
  3336 | D        | Killed a greater naga
  3351 | D        | Killed a greater naga
  3364 | D        | Killed a greater naga
  3364 | D        | Reached skill level 15 in Long Blades
  3372 | D        | Noticed a greater naga
  3378 | D        | Noticed a greater naga
  3392 | D        | Killed a greater naga
  3421 | D        | Killed a greater naga
  3443 | D        | Killed a greater naga
  3456 | D        | Noticed rftp080's illusion
  3476 | D        | Noticed rftp080's illusion
  3550 | D        | HP: 6/171 [rftp080's illusion[Mara] (8)]
  3553 | D        | Mangled by an emperor scorpion

Skill      XL: |  1  2  3  4  5  6  7  8  9 10 11 12 13 14 15 |
---------------+----------------------------------------------+-----
Staves         | 4 6 8 10 12 13 15 16 | 16.7
Fighting       | 3 4 6 7 9 11 12 14 16 18 20 | 20.9
Armour         | 2 4 5 6 8 10 11 12 14 16 18 21 23 | 23.8
Dodging        | 10 14 17 21 | 21.2
Long Blades    | 18 | 18.1
Throwing       | |  1.8

Action                   |  1- 3 |  4- 6 |  7- 9 | 10-12 | 13-15 || total
-------------------------+-------+-------+-------+-------+-------++-------
Melee: Quarterstaff      |    30 |    28 |    88 |   582 |  1265 ||  1993
Evoke: Wand              |       |       |     5 |       |     8 ||    13
  Use: Potion            |     1 |     2 |       |     6 |    16 ||    25
       Scroll            |       |       |       |       |     7 ||     7
 Stab: Invisible         |       |     5 |       |       |       ||     5
  Eat: Chunk             |       |       |       |     4 |     4 ||     8
       Fruit             |       |       |       |       |     2 ||     2
Armor: Leather armour    |     6 |       |       |       |       ||     6
       Chain mail        |       |     6 |    25 |    79 |       ||   110
       Plate armour      |       |       |       |    63 |   380 ||   443
Dodge: Dodged            |    17 |     9 |    36 |   147 |   641 ||   850
